 Dungeon Crawl Stone Soup version 0.31.0-32-g396128a36d (webtiles) character file.

Game seed: 16182565093933133440

11 tizbic2 the Sneak (level 2, 0/15 HPs)
             Began as a Vine Stalker Brigand on Mar 18, 2024.
             Slain by a gnoll
             ... wielding a +0 spear
              (4 damage)
             ... on level 1 of the Dungeon.
             The game lasted 00:01:04 (185 turns).

tizbic2 the Sneak (Vine Stalker Brigand)             Turns: 185, Time: 00:01:05

Health: 0/15       AC:  3    Str: 13    XL:     2   Next: 25%
Magic:  0/3        EV: 11    Int: 11    God:
Gold:   13         SH:  0    Dex: 15    Spells: 1/1 levels left

rFire   . . .        h - +0 scimitar
rCold   . . .        (no shield)
rNeg    . . .        b - +0 robe
rPois   .            (no helmet)
rElec   .            c - +0 cloak
rCorr   .            (no gloves)
SInv    .            (no boots)
Will    .....        (no amulet)
Stlth   +++          (no ring)
HPRegen 1.02/turn    (no ring)
MPRegen 0.08/turn

%: guardian spirit
@: no status effects
A: fangs 2, regeneration 1, magic shield, antimagic bite, no potion heal 2
a: no special abilities


You were on level 1 of the Dungeon.
You visited 1 branch of the dungeon, and saw 1 of its levels.

You collected 13 gold pieces.

Inventory:

Hand Weapons
 a - a +2 dagger
 h - a +0 scimitar (weapon)
Missiles
 d - 9 poisoned darts (quivered)
 e - 3 curare-tipped darts
Armour
 b - a +0 robe (worn)
 c - a +0 cloak (worn)
Potions
 f - a potion of cancellation {unknown}
 g - a potion of magic {unknown}


   Skills:
 + Level 1.9 Fighting
 + Level 1.9(2.0) Short Blades
 * Level 0.6(1.3) Long Blades
 - Level 1.7 Throwing
 * Level 0.5 Armour
 + Level 0.9 Dodging
 - Level 4.8 Stealth
 + Level 0.3 Spellcasting


You had one spell level left.
You didn't know any spells.
Your spell library was empty.

Dungeon Overview and Level Annotations

Branches:
Dungeon (1/15)

Altars:


Innate Abilities, Weirdness & Mutations

You have extremely sharp teeth.
Your natural rate of healing is unusually fast.
When hurt, damage is shared between your health and your magic reserves.
Your bite disrupts and absorbs the magic of your enemies.
Potions cannot restore your health.


Message History

You barely miss the goblin. You bite the goblin.
You kill the goblin!
You see here a +0 dagger.
Found a bubbling blue potion.
g - a bubbling blue potion
There is a shaft here.
Found a scimitar.
A gnoll comes into view. It is wielding a +0 spear.
You see here a +0 scimitar.
h - a +0 scimitar
There are no items here.
Okay, then.
Your movement speed is average.
Your attack delay is about 0.9.
Your damage rating with your +2 dagger is about 6 (Base 4 x 112% (Dex) x 107% (Skill) + 2 (Ench)).
h - a +0 scimitar (weapon)
Your movement speed is average.
Your attack delay is about 1.3.
Your damage rating with your +0 scimitar is about 14 (Base 12 x 112% (Dex) x 105% (Skill)).
The gnoll shouts!
The gnoll hits you but does no damage. The gnoll hits you with a +0 spear.
You hit the gnoll.
The gnoll is moderately wounded.
The gnoll closely misses you.
You closely miss the gnoll. Your bite misses the gnoll.
The gnoll is moderately wounded.
The gnoll misses you.
You closely miss the gnoll. Your bite misses the gnoll.
The gnoll is moderately wounded.
The gnoll hits you with a +0 spear! The gnoll hits you but does no damage.
You hit the gnoll.
The gnoll is severely wounded.
The gnoll hits you with a +0 spear.
You barely miss the gnoll.
The gnoll is severely wounded.
The gnoll hits you with a +0 spear.
* * * LOW HITPOINT WARNING * * *
You hit the gnoll.
The gnoll is almost dead.
The gnoll hits you with a +0 spear.
You die...

........#
######..# #..#
#######..##
#.........#
#.#####...# #.#
#...# #g#####...#
#@........#
#.#######^# #.#
#.# #.# #.#
##.#######.#
...###..........#
................#
##.###...########
##.##


You could see a gnoll.

Vanquished Creatures
  A ball python (D:1)
  An endoplasm (D:1)
  2 goblins (D:1)
  2 jackals (D:1)
  A kobold (D:1)
  A bat (D:1)
  A rat (D:1)
9 creatures vanquished.

Notes
Turn   | Place    | Note
-------+----------+-------------------------------------------
     0 | D:1      | tizbic2 the Vine Stalker Brigand began the quest for the
                  | Orb.
     0 | D:1      | Reached XP level 1. HP: 11/11 MP: 2/2
    35 | D:1      | Reached XP level 2. HP: 15/15 MP: 3/3
   185 | D:1      | Slain by a gnoll

Illustrated notes

Levels and vault maps discovered:
D:1:      lemuel_arrival_behind_the_door_small, layout_loops_ring,
          amcnicky_mini_corridor_feature, minmay_tetromino_s2

Action                     || total
---------------------------++-------
  Melee: Dagger            ||    15
         Bite              ||     5
         Scimitar          ||     6
   Stab: Sleeping          ||     1
 Armour: Robe              ||    11
  Dodge: Dodged            ||     8
